 Dungeon Crawl Stone Soup version 0.20.1-1-g8b1a95d (webtiles) character file.

210 AverageBear the Cutter (level 5, -4/31 HPs)
             Began as a Deep Elf Fighter on July 21, 2017.
             Slain by a gnoll
             ... wielding a +0 flail
              (9 damage)
             ... on level 3 of the Dungeon.
             The game lasted 00:02:52 (2730 turns).

AverageBear the Cutter (Deep Elf Fighter)           Turns: 2730, Time: 00:02:52

Health: -4/31      AC:  8    Str: 14    XL:     5   Next: 57%
Magic:  0/7        EV:  6    Int: 13    God:
Gold:   148        SH:  8    Dex: 12    Spells: 4/4 levels left

rFire    . . .     SeeInvis .   t - +4 dagger
rCold    . . .     Gourm    .   c - +0 shield
rNeg     . . .     Faith    .   b - +0 scale mail
rPois    +         Spirit   +   (no helmet)
rElec    .         Reflect  .   k - scarf {Spirit}
rCorr    .         Harm     .   (no gloves)
MR       .....                  e - +1 pair of boots
Stlth    ..........             (no amulet)
Regen    0.1/turn               (no ring)
MPRegen  0.1/turn               (no ring)

@: no status effects
A: hooves 1, clumsy 1, poison resistance
a: no special abilities


You were on level 3 of the Dungeon.
You were not hungry.

You visited 1 branch of the dungeon, and saw 3 of its levels.

You collected 148 gold pieces.

Inventory:

Hand Weapons
 a - a +0 rapier
 g - a +0 short sword of holy wrath
 t - a +4 dagger (weapon)
Armour
 b - a +0 scale mail (worn)
 c - a +0 shield (worn)
 e - a +1 pair of boots (worn)
 k - a scarf of spirit shield (worn)
Scrolls
 i - a scroll of enchant armour
 m - a scroll of blinking {unknown}
 o - 4 scrolls of identify
 q - a scroll of fog {unknown}
 r - a scroll of fear {unknown}
 s - 2 scrolls of random uselessness {unknown}
 u - a scroll of enchant weapon {unknown}
Potions
 d - a potion of might
 h - a potion of flight
 l - a potion of agility
 v - a potion of heal wounds {unknown}
Comestibles
 f - 4 bread rations
 j - a meat ration
 n - a fruit
 p - 8 chunks of flesh


   Skills:
 - Level 2.4 Fighting
 + Level 5.9 Short Blades
 - Level 2.4 Armour
 - Level 2.4 Shields


You had 4 spell levels left.
You didn't know any spells.

Dungeon Overview and Level Annotations

Branches:
Dungeon (3/15)

Altars:
Uskayaw


Innate Abilities, Weirdness & Mutations

You have large cloven feet.
You are clumsy. (Dex -2)
Your system is resistant to poisons. (rPois)


Message History

The gnoll is moderately wounded.
The gnoll hits you but does no damage.
You hit the gnoll.
The gnoll is heavily wounded.
The gnoll hits you.
* * * LOW HITPOINT WARNING * * *
You hit the gnoll.
The gnoll is almost dead.
The gnoll barely misses you.
You hit the gnoll.
You kill the gnoll!
You hit the gnoll but do no damage. You closely miss the gnoll.
The gnoll barely misses you.
You barely miss the gnoll. The gnoll hits you with a flail.
* * * LOW HITPOINT WARNING * * *
Your shield and scale mail prevent you from hitting the gnoll.
You hit the gnoll.
The gnoll is lightly wounded.
The gnoll hits you with a flail!
You die...

.)....)......≈≈####≈
..............≈≈≈≈≈≈.....
.....#...................
.....#.#..≈≈..........≈≈.
.......#...≈..........≈..
........................#
.....#.##.#.....≈......##
...............≈≈≈.......
###.#..##.#.....@g....(#
#....##.###.##########
#..#.##.# #.# ....#.##.#
#.# .......##.# #.#
.......##+# #.# ##.. ...
#.# #( #... #.# #.#


You could see a gnoll.

Vanquished Creatures
  The ghost of WaffleInsanity the Conjurer, an amateur KoCj (D:3)
  2 gnolls (D:3)
  4 adders
  2 worms (D:2)
  A dart slug (D:2)
  2 leopard geckos
  An orc (D:2)
  5 giant cockroaches
  7 goblins
  10 hobgoblins
  2 jackals (D:2)
  3 ball pythons
  11 bats
  3 frilled lizards
  16 kobolds
  5 rats
75 creatures vanquished.

Notes
Turn   | Place    | Note
-------+----------+-------------------------------------------
     0 | D:1      | AverageBear the Deep Elf Fighter began the quest for the Orb.
     0 | D:1      | Reached XP level 1. HP: 13/13 MP: 3/3
   140 | D:1      | Reached XP level 2. HP: 16/18 MP: 4/4
   183 | D:1      | Reached skill level 3 in Short Blades
   694 | D:1      | Reached XP level 3. HP: 18/22 MP: 5/5
  1317 | D:2      | Reached skill level 4 in Short Blades
  1658 | D:2      | Reached XP level 4. HP: 20/27 MP: 4/6
  2017 | D:2      | Gained mutation: You are frail. (-10% HP) [potion of mutation]
  2017 | D:2      | Gained mutation: You tend to lose your temper in combat. [potion of mutation]
  2017 | D:2      | Gained mutation: Armour fits poorly on your strangely shaped body. [potion of mutation]
  2017 | D:2      | Gained mutation: You evolve. [potion of mutation]
  2562 | D:3      | Lost mutation: You are frail. (-10% HP) [potion of mutation]
  2562 | D:3      | Lost mutation: You evolve. [potion of mutation]
  2562 | D:3      | Lost mutation: Armour fits poorly on your strangely shaped body. [potion of mutation]
  2562 | D:3      | Lost mutation: You tend to lose your temper in combat. [potion of mutation]
  2562 | D:3      | Gained mutation: You are clumsy. (Dex -2) [potion of mutation]
  2562 | D:3      | Gained mutation: Your system is resistant to poisons. (rPois) [potion of mutation]
  2562 | D:3      | Gained mutation: You have large cloven feet. [potion of mutation]
  2571 | D:3      | Found a hide-covered altar of Uskayaw.
  2649 | D:3      | Reached skill level 5 in Short Blades
  2657 | D:3      | Noticed WaffleInsanity's ghost (amateur KoCj)
  2666 | D:3      | Killed WaffleInsanity's ghost
  2666 | D:3      | Reached XP level 5. HP: 19/31 MP: 3/7
  2730 | D:3      | Slain by a gnoll

Skill      XL: |  1  2  3  4 |
---------------+-------------+-----
Short Blades   | 3 4 5 |  5.9
Fighting       | |  2.4
Armour         | |  2.4
Shields        | |  2.4

Action                   |  1- 3 |  4- 6 || total
-------------------------+-------+-------++-------
Melee: Rapier            |    57 |       ||    57
       Short sword       |   148 |    60 ||   208
       Dagger            |       |    65 ||    65
  Use: Scroll            |       |     4 ||     4
       Potion            |       |     3 ||     3
  Eat: Chunk             |     3 |     3 ||     6
Armor: Scale mail        |    95 |    34 ||   129
Dodge: Dodged            |    47 |    27 ||    74
Block: Shield            |    86 |    47 ||   133
